cohdb
Replays
Latest Replays
All Replays
Popular Replays
Top Player Replays
Match Explorer
How It Works
Community
CoH3 Stats
Reddit
Sign in to upload your games and track your stats! →
Sign in with Steam
Match 42520690
Unlisted
Match 42520690
Overview
Messages
Build Orders
End
Kradschützen Motorcycle Team
Selects Armored Support Battlegroup
Panzergrenadier Squad
Panzergrenadier Squad
Panzergrenadier Squad
Construct Light Support Kompanie
Selects Superior Fire Drills
2.5-tonne Medical Truck
Construct Mechanized Kompanie
8 Rad Armored Car
Veteran Squad Leaders
MG34 Team
Panzerjäger Squad
Selects Flammpanzer III Medium Tank
Flammpanzer III Medium Tank
Construct Panzerarmee Kommand
Foreskin
Doge 👊🏻🇺🇸🔥
0
0
Comments
sign in to comment!
No comments posted yet!